[Event "Titled Tuesday Blitz August 08 Early 2023"]
[White "Nguyen Hong Nhung"]
[Black "Rodriguez Santiago, Jaime"]
[WhiteFideId "12412201"]
[BlackFideId "3100898"]
[WhiteElo "2492"]
[BlackElo "2326"]
[Result "1/2-1/2"]
[Round "4"]
[TimeControl "180+1"]
[Date "2023.08.08"]
[WhiteClock "0:02:37"]
[BlackClock "0:02:51"]
[Board "184"]

1. e4 c6 2. d4 d5 3. Nc3 dxe4 4. Nxe4 Nf6 5. Nxf6+ exf6 6. c3 Bd6 7. Bd3 O-O 8. Qc2 Re8+ 9. Ne2 h5 10. Be3 Nd7 11. O-O-O Nf8 12. Kb1 Be6 13. h3 Bd5 14. Rhg1 Bh2 15. Rh1 Bd6 16. Rhg1 Bh2 17. Rh1 Bd6 1/2-1/2


[Site "https://www.chess.com"]

[Event "Titled Tuesday Blitz August 08 Early 2023"]
[White "Ljukin, Sergei"]
[Black "Vasques, Antonio Pedro Freixial"]
[WhiteFideId "14102200"]
[BlackFideId "1908332"]
[WhiteElo "2490"]
[BlackElo "2319"]
[Result "1/2-1/2"]
[Round "4"]
[TimeControl "180+1"]
[Date "2023.08.08"]
[WhiteClock "0:00:17"]
[BlackClock "0:00:22"]
[Board "185"]

1. e4 c5 2. Nf3 Nc6 3. d4 cxd4 4. Nxd4 g6 5. c4 Bg7 6. Be3 Nf6 7. Nc3 O-O 8. Be2 a5 9. O-O a4 10. Rc1 Qa5 11. Ndb5 d6 12. c5 Be6 13. cxd6 exd6 14. f3 Rfe8 15. Qd2 Rad8 16. Rfd1 d5 17. exd5 Nxd5 18. Nxd5 Qxd2 19. Bxd2 Bxd5 20. Bf1 Bxa2 21. Bc3 Bb3 22. Rd6 Bxc3 23. Rxc3 Rxd6 24. Nxd6 Re1 25. Nxb7 Nd4 26. Kf2 Rb1 27. Nc5 Rxb2+ 28. Ke3 a3 29. Kxd4 a2 30. Nxb3 Rxb3 31. Rc8+ Kg7 32. Ra8 Rb1 33. Rxa2 Rxf1 34. Ke3 h5 35. h4 Rh1 36. g3 Rc1 37. Ra3 Rc2 38. Rb3 Kf6 39. Ra3 Rg2 40. Kf4 Rb2 41. Ra6+ Kg7 42. Ra4 Rb5 43. Rc4 Rd5 44. Rb4 Rc5 45. Ra4 Rb5 46. Rc4 Ra5 47. Rb4 Kf6 48. Rb6+ Kg7 49. Rb4 Rc5 50. g4 hxg4 51. fxg4 Kf6 52. Rb6+ Kg7 53. g5 Rc4+ 54. Kg3 Rc3+ 55. Kg4 Rc4+ 56. Kg3 Rc3+ 57. Kg4 Rc1 58. Ra6 Rg1+ 59. Kf4 Rf1+ 60. Kg4 Rg1+ 61. Kf4 Rh1 62. Kg4 Rb1 63. Ra7 Rb4+ 64. Kg3 Rb3+ 65. Kg4 Rb4+ 66. Kg3 Rb3+ 67. Kg4 Rb1 68. Ra6 Rg1+ 1/2-1/2


[Site "https://www.chess.com"]

[Event "Titled Tuesday Blitz August 08 Early 2023"]
[White "Papayan, Oleg"]
[Black "Pavlidou, Ekaterini"]
[WhiteFideId "4193911"]
[BlackFideId "4213262"]
[WhiteElo "2488"]
[BlackElo "2318"]
[Result "1-0"]
[Round "4"]
[TimeControl "180+1"]
[Date "2023.08.08"]
[WhiteClock "0:02:21"]
[BlackClock "0:02:00"]
[Board "186"]

1. d4 Nf6 2. c4 e6 3. g3 b6 4. Bg2 d5 5. Nf3 c6 6. Nbd2 Ba6 7. Qc2 Be7 8. O-O O-O 9. b3 Nbd7 10. e4 Rc8 11. e5 Ne8 12. Bb2 c5 13. Rfd1 b5 14. cxb5 Bxb5 15. Rac1 cxd4 16. Qxc8 Qa5 17. a4 Nb6 18. Qb7 Bd7 19. Bxd4 1-0


[Site "https://www.chess.com"]

[Event "Titled Tuesday Blitz August 08 Early 2023"]
[White "Valle Maytin, Luis Enrique"]
[Black "marik_spb"]
[WhiteFideId "3503666"]
[WhiteElo "2318"]
[BlackElo "2486"]
[Result "0-1"]
[Round "4"]
[TimeControl "180+1"]
[Date "2023.08.08"]
[WhiteClock "0:00:12"]
[BlackClock "0:00:12"]
[Board "187"]

1. d4 d5 2. Nf3 Nf6 3. Bd2 c5 4. e3 Nc6 5. c4 cxd4 6. Nxd4 e5 7. Nxc6 bxc6 8. cxd5 cxd5 9. Bb5+ Bd7 10. Qa4 Bxb5 11. Qxb5+ Qd7 12. Qxd7+ Kxd7 13. Bc3 Bd6 14. Nd2 Ke6 15. Nf3 h6 16. Ke2 Ne4 17. Rac1 Rhc8 18. Ba5 Rab8 19. b3 f5 20. Nd2 Nf6 21. Nb1 g5 22. f3 e4 23. Bc3 Nd7 24. h4 exf3+ 25. gxf3 g4 26. Bd4 h5 27. Nc3 a6 28. Na4 Ne5 29. fxg4 fxg4 30. Bxe5 Kxe5 31. Kd3 Be7 32. Rcf1 Rf8 33. Rc1 Rbc8 34. Rxc8 Rxc8 35. Nc3 Rf8 36. Ne2 Rf3 37. Nf4 d4 38. Ng6+ Kf6 39. Nxe7 Rxe3+ 40. Kxd4 Rxe7 41. Kc5 Kf5 42. b4 Kf4 43. a4 g3 44. b5 axb5 45. axb5 g2 46. Ra1 Rg7 47. Rg1 Kg3 48. b6 Kh2 49. Rb1 g1=Q+ 50. Rxg1 Kxg1 51. Kc6 Kg2 52. b7 Rg8 53. Kc7 Kg3 54. b8=Q Rxb8 55. Kxb8 Kxh4 56. Kc7 Kg3 57. Kc6 h4 58. Kd5 h3 59. Ke4 h2 60. Ke3 h1=Q 61. Ke2 Qe4+ 0-1


[Site "https://www.chess.com"]

[Event "Titled Tuesday Blitz August 08 Early 2023"]
[White "Ocido, Michael"]
[Black "Dong Khanh Linh"]
[WhiteFideId "115201920"]
[BlackFideId "12403040"]
[WhiteElo "2486"]
[BlackElo "2316"]
[Result "1-0"]
[Round "4"]
[TimeControl "180+1"]
[Date "2023.08.08"]
[WhiteClock "0:00:14"]
[BlackClock "0:00:06"]
[Board "188"]

1. d4 f5 2. Bg5 h6 3. Bh4 g5 4. Bg3 Nf6 5. e3 e6 6. h4 Rg8 7. hxg5 hxg5 8. Nf3 d6 9. Nbd2 Nc6 10. c3 Qe7 11. Bd3 Bd7 12. Qc2 O-O-O 13. O-O-O Ng4 14. d5 Nce5 15. dxe6 Nxd3+ 16. Qxd3 Bxe6 17. Nd4 Ne5 18. Qc2 Qf7 19. Nxe6 Qxe6 20. Nb3 Nc6 21. Rh7 Bg7 22. Kb1 Bf6 23. Nd4 Nxd4 24. cxd4 Rd7 25. Rdh1 f4 26. exf4 gxf4 27. Bxf4 Rxh7 28. Rxh7 Qe1+ 29. Bc1 Bd8 30. Qf5+ Kb8 31. Qf3 Bg5 32. Qc3 Rc8 33. Qxe1 1-0


[Site "https://www.chess.com"]

[Event "Titled Tuesday Blitz August 08 Early 2023"]
[White "Kaminski, Victor"]
[Black "Brunner, Nicolas"]
[WhiteFideId "1131630"]
[BlackFideId "620246"]
[WhiteElo "2315"]
[BlackElo "2485"]
[Result "0-1"]
[Round "4"]
[TimeControl "180+1"]
[Date "2023.08.08"]
[WhiteClock "0:00:00"]
[BlackClock "0:00:09"]
[Board "189"]

1. e4 e5 2. Nf3 Nf6 3. Nc3 Nc6 4. Bb5 Nd4 5. Bc4 Bc5 6. d3 d6 7. h3 h6 8. O-O O-O 9. a3 Be6 10. Bxe6 fxe6 11. Nxd4 Bxd4 12. Be3 Bxc3 13. bxc3 Qe8 14. c4 b6 15. f4 exf4 16. Rxf4 Qg6 17. Qe2 Nd7 18. Rg4 Qf6 19. d4 Kh7 20. Qd3 e5 21. c3 Rf7 22. Rf1 Qxf1+ 23. Qxf1 Rxf1+ 24. Kxf1 Rf8+ 25. Ke2 Nf6 26. Rh4 Re8 27. Kd3 Kg6 28. a4 a5 29. Bd2 h5 30. Be3 Re7 31. Bc1 Rf7 32. g4 hxg4 33. hxg4 Nh7 34. Rh3 Rf1 35. Be3 Ra1 36. dxe5 dxe5 37. Rh5 Rxa4 38. Rxe5 Ra1 39. c5 b5 40. c6 b4 41. cxb4 axb4 42. Rb5 Ra3+ 43. Ke2 Rc3 44. Bc5 Nf6 45. Bd4 Rxc6 46. Bxf6 gxf6 47. Rxb4 Kg5 48. Rb5+ Kxg4 49. Ke3 Rc1 50. Rb8 Re1+ 51. Kd4 Kf4 0-1


[Site "https://www.chess.com"]

[Event "Titled Tuesday Blitz August 08 Early 2023"]
[White "Wimalasuriya, Kasun M."]
[Black "Rottenwohrer Suarez, Juan"]
[WhiteFideId "9906789"]
[BlackFideId "32068182"]
[WhiteElo "2307"]
[BlackElo "2483"]
[Result "0-1"]
[Round "4"]
[TimeControl "180+1"]
[Date "2023.08.08"]
[WhiteClock "0:00:46"]
[BlackClock "0:00:07"]
[Board "190"]

1. d4 d5 2. c4 e6 3. Nc3 Nf6 4. Nf3 dxc4 5. Ne5 c5 6. e3 Nbd7 7. Nxc4 cxd4 8. Qxd4 Bc5 9. Nd6+ Ke7 10. Nf5+ exf5 11. Qf4 Nb6 12. Be2 Be6 13. O-O Qd6 14. Qh4 h6 15. a3 g5 16. Qg3 Qxg3 17. hxg3 Nbd5 18. Na4 Bd6 19. b4 Be5 20. Bb2 Bxb2 21. Nxb2 Rac8 22. Nd3 Nc3 23. Bf3 Bd5 24. Nc5 Bxf3 25. gxf3 b6 26. Nb3 Rhd8 27. Nd4 Rd5 28. Kg2 Kf8 29. Rh1 h5 30. Rac1 Rc7 31. a4 Rd8 32. Rc2 Ncd5 33. Rxc7 Nxc7 34. Nxf5 Rd2 35. g4 h4 36. Rc1 Nfe8 37. Rc6 Kg8 38. f4 gxf4 39. exf4 f6 40. Nxh4 Kf7 41. g5 fxg5 42. fxg5 Ne6 43. g6+ Kf6 44. Kg3 Ng7 45. f4 Rd3+ 46. Kg4 Rd4 47. Ng2 Rxb4 48. Rd6 Kxg6 49. Rd7 Kf6 50. Rxa7 Nf5 51. Ra6 Nc5 52. Ra8 Nd3 53. a5 bxa5 54. Rxa5 Nh6+ 55. Kh5 Nf7 56. f5 Kg7 57. Ra7 Nf4+ 58. Kg4 Nxg2+ 59. Kg3 Ne3 60. f6+ Kxf6 61. Ra6+ Kg7 62. Kf3 Nf5 63. Ke2 N7d6 64. Kd3 Kf6 65. Ra8 Rf4 66. Rf8+ Ke5 67. Re8+ Kd5 68. Rh8 Rf3+ 69. Kd2 Ra3 70. Kc2 Rg3 71. Kd2 Nd4 72. Rh5+ Kc4 73. Rh6 Rg2+ 74. Ke3 N6f5+ 75. Ke4 Nxh6 0-1


[Site "https://www.chess.com"]

[Event "Titled Tuesday Blitz August 08 Early 2023"]
[White "Zaksaite, Salomeja"]
[Black "Bach Ngoc Thuy Duong"]
[WhiteFideId "12801496"]
[BlackFideId "12408956"]
[WhiteElo "2305"]
[BlackElo "2481"]
[Result "1-0"]
[Round "4"]
[TimeControl "180+1"]
[Date "2023.08.08"]
[WhiteClock "0:00:01"]
[BlackClock "0:00:17"]
[Board "191"]

1. e4 c5 2. Nf3 d6 3. d4 cxd4 4. Nxd4 Nf6 5. Nc3 a6 6. Bc4 e6 7. Bb3 Nbd7 8. O-O Nc5 9. f3 Be7 10. Qe1 O-O 11. Qg3 Kh8 12. Be3 Qc7 13. Nce2 b5 14. c3 Nxb3 15. axb3 Bd7 16. Rad1 a5 17. Nc2 Rfc8 18. Bd4 e5 19. Be3 Be6 20. b4 Bb3 21. Rc1 Bxc2 22. Rxc2 axb4 23. Rfc1 b3 24. Rd2 Ra2 25. Rb1 Rca8 26. Qe1 Qc4 27. Ng3 d5 28. Nf5 Bf8 29. Bg5 dxe4 30. Bxf6 gxf6 31. Qh4 Qc5+ 32. Kh1 Bg7 33. fxe4 Ra1 34. Rbd1 Rxd1+ 35. Rxd1 Qc6 36. Qg4 Bf8 37. Qh4 Ra4 38. h3 Rxe4 39. Rd8 Kg8 40. Qg3+ 1-0


[Site "https://www.chess.com"]

[Event "Titled Tuesday Blitz August 08 Early 2023"]
[White "Konenkin, Dmitry"]
[Black "Shohat, Yotam"]
[WhiteFideId "4185781"]
[BlackFideId "2813955"]
[WhiteElo "2297"]
[BlackElo "2478"]
[Result "0-1"]
[Round "4"]
[TimeControl "180+1"]
[Date "2023.08.08"]
[WhiteClock "0:00:55"]
[BlackClock "0:00:12"]
[Board "192"]

1. d4 Nf6 2. Bg5 d5 3. Nd2 Nbd7 4. Ngf3 e6 5. e3 h6 6. Bh4 c5 7. c3 Bd6 8. Bd3 Qc7 9. e4 dxe4 10. Nxe4 Nxe4 11. Bxe4 Nf6 12. Bxf6 gxf6 13. d5 Bd7 14. Qb3 O-O-O 15. O-O-O f5 16. dxe6 Bxe6 17. Bd5 Bf4+ 18. Kb1 Rxd5 19. Rxd5 c4 20. Qd1 Bxd5 21. Qxd5 Kb8 22. Qxf5 Rd8 23. Nd4 a6 24. Re1 Bg5 25. g3 Qb6 26. f4 Bf6 27. Nc2 Bxc3 28. b4 cxb3 29. axb3 Qxb3+ 0-1


[Site "https://www.chess.com"]

[Event "Titled Tuesday Blitz August 08 Early 2023"]
[White "Vivas Zamora, Fabian Ernesto"]
[Black "Fajdetic, Hrvoje"]
[WhiteFideId "3902480"]
[BlackFideId "14501945"]
[WhiteElo "2477"]
[BlackElo "2299"]
[Result "1-0"]
[Round "4"]
[TimeControl "180+1"]
[Date "2023.08.08"]
[WhiteClock "0:00:03"]
[BlackClock "0:00:00"]
[Board "193"]

1. e4 c5 2. Nf3 a6 3. c3 d5 4. exd5 Qxd5 5. d4 Nf6 6. Be2 Bg4 7. O-O e6 8. h3 Bh5 9. Be3 Nbd7 10. c4 Qd6 11. Nc3 Be7 12. dxc5 Qxd1 13. Rfxd1 Bxc5 14. Bxc5 Nxc5 15. b4 Nce4 16. Nxe4 Nxe4 17. Rac1 Ke7 18. g4 Bg6 19. Ne5 Rhd8 20. Bf3 f5 21. Bxe4 fxe4 22. Kf1 Be8 23. Ke2 Ba4 24. Rxd8 Rxd8 25. Ke3 Kf6 26. Kxe4 Rd2 27. f4 Rxa2 28. Rc3 g5 29. fxg5+ Kxg5 30. Rf3 Bc6+ 31. Nxc6 bxc6 32. Rf7 h5 33. Rg7+ Kf6 34. Rc7 hxg4 35. hxg4 Ra4 36. Rxc6 Rxb4 37. Kd4 a5 38. Ra6 a4 39. Kc5 Rb8 40. Rxa4 Kg5 41. Kd6 Rb6+ 42. Kd7 e5 43. c5 Rh6 44. c6 Rh7+ 45. Kd6 Rh6+ 46. Kd5 e4 47. Rxe4 Rh8 48. c7 Rc8 49. Kc6 1-0


[Site "https://www.chess.com"]

[Event "Titled Tuesday Blitz August 08 Early 2023"]
[White "Mindhunter08"]
[Black "Doluhanova, Evgeniya"]
[BlackFideId "14112035"]
[WhiteElo "2476"]
[BlackElo "2297"]
[Result "0-1"]
[Round "4"]
[TimeControl "180+1"]
[Date "2023.08.08"]
[WhiteClock "0:00:03"]
[BlackClock "0:00:05"]
[Board "194"]

1. e4 c5 2. Nf3 d6 3. d4 cxd4 4. Nxd4 Nf6 5. Nc3 a6 6. Bg5 Nbd7 7. Bc4 Qb6 8. Bb3 e6 9. Bxf6 gxf6 10. Qd2 Nc5 11. O-O-O h5 12. Kb1 Bd7 13. Rhe1 O-O-O 14. Qe3 Kb8 15. Qg3 Be7 16. f4 Rdg8 17. Qf3 h4 18. f5 Rc8 19. Nde2 a5 20. Bc4 a4 21. Nf4 Rhg8 22. Qe3 Bf8 23. fxe6 fxe6 24. Bxe6 Bxe6 25. Nxe6 Rxg2 26. Nxf8 Rxf8 27. Qf4 Rd8 28. Nd5 Qc6 29. Qxf6 Rd7 30. Qh8+ Ka7 31. Qd4 Rxh2 32. Nf6 Rg7 33. e5 dxe5 34. Qxe5 Rgg2 35. Rc1 Na6 36. Ne8 Rxc2 37. Qe3+ b6 38. Ng7 Rxb2+ 39. Ka1 Rxa2+ 40. Kb1 Rhb2# 0-1


[Site "https://www.chess.com"]

[Event "Titled Tuesday Blitz August 08 Early 2023"]
[White "Afanasieva, Alexandra"]
[Black "kuanysh1981"]
[WhiteFideId "34126926"]
[WhiteElo "2297"]
[BlackElo "2476"]
[Result "0-1"]
[Round "4"]
[TimeControl "180+1"]
[Date "2023.08.08"]
[WhiteClock "0:00:01"]
[BlackClock "0:00:28"]
[Board "195"]

1. e4 e5 2. Nf3 d6 3. d4 exd4 4. Nxd4 Nf6 5. Nc3 Be7 6. Be3 O-O 7. h3 a6 8. Qd2 b5 9. Bd3 Bb7 10. Nf5 Nbd7 11. O-O Re8 12. Rae1 b4 13. Nd5 Nxd5 14. exd5 Bf6 15. Qxb4 Bxd5 16. Qg4 Ne5 17. Qg3 Nxd3 18. cxd3 Kh8 19. b3 Qd7 20. Nd4 c5 21. Nf3 h6 22. Bf4 Rxe1 23. Rxe1 Rd8 24. Nd2 Bc3 25. Re2 Bxd2 26. Bxd2 f6 27. Qh4 Kh7 28. Re3 Re8 29. Qf4 Rxe3 30. Qxe3 Qf5 31. f3 Qg6 32. Kf2 Bc6 33. Bc3 Bb5 34. Qe7 Bxd3 35. Qxd6 Bb5 36. Qxc5 Qc2+ 37. Kg1 Qb1+ 38. Kh2 Bf1 39. Qf2 Bd3 40. Qd4 Qc2 41. Bb4 Bf5 42. Bf8 Qxa2 43. Qa7 Kg6 44. Qf7+ Kxf7 0-1


[Site "https://www.chess.com"]

[Event "Titled Tuesday Blitz August 08 Early 2023"]
[White "Sanhueza, Cristian"]
[Black "Jahnz, Fabian"]
[WhiteFideId "116815"]
[BlackFideId "4653300"]
[WhiteElo "2475"]
[BlackElo "2293"]
[Result "0-1"]
[Round "4"]
[TimeControl "180+1"]
[Date "2023.08.08"]
[WhiteClock "0:00:00"]
[BlackClock "0:00:10"]
[Board "196"]

1. e4 c6 2. d4 d5 3. exd5 cxd5 4. c4 Nf6 5. Nc3 Nc6 6. Bg5 Be6 7. Be2 Qa5 8. Bf3 Rd8 9. Ne2 h6 10. Bxf6 exf6 11. O-O Bb4 12. cxd5 Bxd5 13. Nxd5 Rxd5 14. Bxd5 Qxd5 15. Nc3 Qxd4 16. Re1+ Kf8 17. Qe2 Kg8 18. Rad1 Qh4 19. Qe8+ Kh7 20. Qxf7 Ne5 21. Rxe5 fxe5 22. Qf5+ Kg8 23. Ne4 Qe7 24. Rd7 Qf8 25. Qe6+ Kh7 26. Rf7 Qc8 27. Nf6+ Kg6 28. Nd7+ Kh7 29. Qf5+ Kg8 30. h4 Qc1+ 31. Kh2 Qf4+ 32. Qxf4 exf4 33. Ne5 Bd6 34. Rf5 Bxe5 35. Rxe5 Kf7 36. Rf5+ Ke6 37. Rxf4 Rc8 38. Re4+ Kd7 39. Re2 Rc4 40. g3 a5 41. Kg2 b5 42. Rd2+ Ke6 43. Kf3 b4 44. Re2+ Kd6 45. Rd2+ Ke6 46. g4 a4 47. Re2+ Kd6 48. Rd2+ Ke6 49. Kg3 g5 50. hxg5 hxg5 51. f3 Ke5 52. Re2+ Kd5 53. Rd2+ Ke5 54. Kf2 Rf4 55. b3 a3 56. Rc2 Rd4 0-1


[Site "https://www.chess.com"]

[Event "Titled Tuesday Blitz August 08 Early 2023"]
[White "rionelG"]
[Black "favesaul"]
[WhiteElo "2297"]
[BlackElo "2473"]
[Result "1-0"]
[Round "4"]
[TimeControl "180+1"]
[Date "2023.08.08"]
[WhiteClock "0:00:20"]
[BlackClock "0:00:00"]
[Board "197"]

1. e4 c5 2. g3 Nc6 3. Bg2 g6 4. Ne2 Bg7 5. c3 e5 6. d3 Nge7 7. Be3 d6 8. O-O O-O 9. f4 b6 10. d4 cxd4 11. cxd4 exd4 12. Nxd4 Ba6 13. Rf2 Rc8 14. Nc3 Qd7 15. Qa4 Bb7 16. Rd1 a6 17. Nxc6 Bxc6 18. Qxa6 Qe6 19. Qd3 Rfd8 20. Bd4 Bxd4 21. Qxd4 b5 22. Rfd2 Rb8 23. Qb4 Qg4 24. Rxd6 Re8 25. a3 h5 26. Qd4 h4 27. Qf2 b4 28. axb4 Rxb4 29. Rd8 Rxd8 30. Rxd8+ Kh7 31. Bf3 Qh3 32. Qg2 Qe6 33. gxh4 Qc4 34. f5 1-0


[Site "https://www.chess.com"]

[Event "Titled Tuesday Blitz August 08 Early 2023"]
[White "Omariev, Maksim"]
[Black "Ruge, Edison"]
[WhiteFideId "4193423"]
[BlackFideId "4401000"]
[WhiteElo "2469"]
[BlackElo "2269"]
[Result "1-0"]
[Round "4"]
[TimeControl "180+1"]
[Date "2023.08.08"]
[WhiteClock "0:00:07"]
[BlackClock "0:00:00"]
[Board "198"]

1. g4 h5 2. g5 h4 3. d4 g6 4. c4 Bg7 5. Nc3 d6 6. e4 Nc6 7. Be3 e5 8. d5 Nb8 9. Qd2 a5 10. h3 Na6 11. Be2 b6 12. Bg4 Nc5 13. Nf3 Ne7 14. b3 Bxg4 15. hxg4 h3 16. O-O-O Qd7 17. Rdg1 a4 18. b4 Nb7 19. a3 c5 20. dxc6 Qxc6 21. Qd3 Rc8 22. Nd2 Nd8 23. Kb2 Ne6 24. Nb5 Rd8 25. Rg3 Nf4 26. Qc2 Rh4 27. Qxa4 Kf8 28. Qb3 Qd7 29. f3 Qc6 30. Rgg1 Kg8 31. Rd1 Ng2 32. Bf2 Rh7 33. Nb1 Nf4 34. N1c3 h2 35. Bg3 Rh3 36. Bxh2 Rxf3 37. Bg1 Ne2 38. Qa2 Nd4 39. Nd5 Nxd5 40. exd5 Qd7 41. Ka1 Nxb5 42. cxb5 Qxg4 43. Qb2 e4 44. Bd4 Be5 45. Bxe5 dxe5 46. Qxe5 Rxa3+ 47. Kb2 Qe2+ 48. Kxa3 Ra8+ 49. Kb3 Qa2+ 50. Kc3 Ra3+ 51. Kd4 Qb2+ 52. Kxe4 Re3+ 53. Kxe3 Qxe5+ 54. Kf2 Qf4+ 55. Ke2 Qc4+ 56. Kf3 Qc3+ 57. Ke4 Qxb4+ 58. Ke5 Qe7+ 59. Kd4 Qb4+ 60. Ke3 Qc5+ 61. Ke4 Qe7+ 62. Kf4 Qd6+ 63. Ke4 Qe7+ 64. Kd3 Qa3+ 65. Ke2 Qa2+ 66. Rd2 Qc4+ 67. Kd1 Qa4+ 68. Ke2 Qe4+ 69. Kf2 Qxh1 70. d6 Qh2+ 71. Ke3 Qe5+ 72. Kf2 Qf4+ 73. Ke1 Qe5+ 74. Kd1 1-0


[Site "https://www.chess.com"]

[Event "Titled Tuesday Blitz August 08 Early 2023"]
[White "Wong, Zhenyong Jayden"]
[Black "Herzog2012"]
[WhiteFideId "5821975"]
[WhiteElo "2248"]
[BlackElo "2463"]
[Result "1-0"]
[Round "4"]
[TimeControl "180+1"]
[Date "2023.08.08"]
[WhiteClock "0:00:10"]
[BlackClock "0:00:00"]
[Board "199"]

1. b3 e5 2. Bb2 Nc6 3. e3 Nf6 4. Nf3 Bd6 5. d4 e4 6. Nfd2 O-O 7. c4 b6 8. Nc3 Re8 9. g4 h6 10. h4 g5 11. hxg5 hxg5 12. Bg2 Bb4 13. d5 Ne5 14. Ndxe4 d6 15. Nxg5 Nfxg4 16. Ne4 Bf5 17. Kf1 Bxe4 18. Nxe4 f5 19. Ng3 Qg5 20. Rh5 Nxe3+ 21. Kg1 Qg6 22. Qc1 f4 23. fxe3 Qxg3 24. Bxe5 Rxe5 25. Rxe5 dxe5 26. Qf1 Bc5 27. Qf3 Bxe3+ 28. Kf1 Qxf3+ 29. Bxf3 Kf7 30. Ke2 Rh8 31. Rh1 Rg8 32. Rh7+ Kf6 33. Rxc7 Rg1 34. d6 Rg8 35. Rxa7 Rd8 36. Bd5 Rxd6 37. Kf3 Kf5 38. Rf7+ Kg5 39. b4 Rh6 40. Ke4 Rh1 41. Rf5+ Kg4 42. Rxe5 Re1 43. Be6+ Kg3 44. Kd3 Kf2 45. Bd5 Rd1+ 46. Kc2 Rd4 47. a4 f3 48. Bxf3 Kxf3 49. Kb3 Rd3+ 50. Kc2 Rd4 51. Kc3 Rd6 52. Re8 Bd4+ 53. Kb3 Kf4 54. a5 bxa5 55. bxa5 Bc5 56. Ka4 Rd1 57. Kb5 Bd4 58. a6 Rb1+ 59. Kc6 Rb6+ 60. Kd5 Rxa6 61. Kxd4 Kf5 62. Kd5 Kf6 63. c5 Kf7 64. Re2 Ra3 65. c6 Rd3+ 66. Kc5 Rc3+ 67. Kd6 Rd3+ 68. Kc7 Rc3 69. Kb7 Rb3+ 70. Kc8 Rc3 71. c7 Rc4 72. Kd7 Rd4+ 73. Kc6 Rc4+ 74. Kd7 Rd4+ 75. Kc8 Rd1 76. Rb2 Ke7 77. Kb8 1-0


[Site "https://www.chess.com"]

[Event "Titled Tuesday Blitz August 08 Early 2023"]
[White "Cagara, Paulina"]
[Black "Rozhkov, Viacheslav"]
[WhiteFideId "1124870"]
[BlackFideId "4181484"]
[WhiteElo "2240"]
[BlackElo "2463"]
[Result "1-0"]
[Round "4"]
[TimeControl "180+1"]
[Date "2023.08.08"]
[WhiteClock "0:00:33"]
[BlackClock "0:00:00"]
[Board "200"]

1. e4 c5 2. Nc3 Nc6 3. Bb5 e6 4. Bxc6 bxc6 5. d3 Ne7 6. f4 Ng6 7. Nf3 Be7 8. O-O O-O 9. Qe1 d5 10. e5 f6 11. b3 fxe5 12. Nxe5 Nxe5 13. fxe5 Bd7 14. Na4 Qe8 15. Be3 d4 16. Bc1 Qh5 17. Rxf8+ Rxf8 18. Ba3 Bg5 19. Nxc5 Be3+ 20. Kh1 Rf2 21. Ne4 Re2 22. Qg3 Qg6 23. Rf1 Bf2 24. Nxf2 Qxg3 25. hxg3 Rxc2 26. Ne4 h6 27. Nc5 Bc8 28. Ne4 Bd7 29. Rf8+ Kh7 30. Nc5 Rxa2 31. Bb4 a5 32. Bxa5 Rxa5 33. Nxd7 Rb5 34. Rc8 Rxb3 35. Nf8+ Kg8 36. Nxe6+ Kf7 37. Nxd4 Rxd3 38. Nxc6 Ke6 39. Kh2 h5 40. Rd8 Rc3 41. Rd6+ Kf5 42. e6 1-0


[Site "https://www.chess.com"]

[Event "Titled Tuesday Blitz August 08 Early 2023"]
[White "Samaganova, Aleksandra"]
[Black "Baches Garcia, Guillermo"]
[WhiteFideId "13800221"]
[BlackFideId "2209764"]
[WhiteElo "2235"]
[BlackElo "2462"]
[Result "1/2-1/2"]
[Round "4"]
[TimeControl "180+1"]
[Date "2023.08.08"]
[WhiteClock "0:00:05"]
[BlackClock "0:00:15"]
[Board "201"]

1. c4 e5 2. Nc3 Nf6 3. Nf3 Nc6 4. a3 a5 5. e3 g6 6. d4 exd4 7. exd4 d5 8. cxd5 Nxd5 9. Bg5 Be7 10. Bh6 Be6 11. Bb5 Bf8 12. Bxf8 Kxf8 13. Qd2 Nce7 14. O-O Kg7 15. Rfe1 c6 16. Bd3 h6 17. Ne4 b6 18. Rac1 Qd7 19. Ne5 Qb7 20. Nd6 Qb8 21. Ne4 Qe8 22. h3 Rd8 23. Qc2 Nf4 24. Bc4 Rxd4 25. Bxe6 Nxe6 26. Nxc6 Nxc6 27. Qxc6 Qxc6 28. Rxc6 b5 29. Rb6 b4 30. axb4 axb4 31. Rb7 Rhd8 32. Kh2 g5 33. Ng3 Kg6 34. Re5 R8d7 35. Rb8 Rd2 36. Ne4 Rxb2 37. Reb5 Kg7 38. Rxb4 Rxb4 39. Rxb4 Rd4 40. Rxd4 Nxd4 41. Ng3 Kg6 42. Ne4 f5 43. Nd6 f4 44. Ne4 Kf5 45. f3 h5 46. Nf2 Ne2 47. Nd3 h4 48. Nc5 Kg6 49. Ne4 Kf5 50. Nd6+ Ke6 51. Ne4 Kf5 52. Nd6+ Ke5 53. Nf7+ Kf6 54. Nd6 Kg6 55. Ne4 Kf5 1/2-1/2


[Site "https://www.chess.com"]

[Event "Titled Tuesday Blitz August 08 Early 2023"]
[White "arenal72"]
[Black "Mishra, Manoj"]
[BlackFideId "5006007"]
[WhiteElo "2461"]
[BlackElo "2220"]
[Result "1-0"]
[Round "4"]
[TimeControl "180+1"]
[Date "2023.08.08"]
[WhiteClock "0:02:15"]
[BlackClock "0:00:56"]
[Board "202"]

1. e4 Nf6 2. e5 Nd5 3. c4 Nb6 4. d4 d6 5. exd6 cxd6 6. Nc3 g6 7. a4 Bg7 8. a5 N6d7 9. Ra3 O-O 10. Be3 Nf6 11. h3 Nc6 12. d5 Ne5 13. f4 Ned7 14. Nf3 Nc5 15. b4 Nfe4 16. Nxe4 Nxe4 17. Bd3 Bc3+ 18. Rxc3 Nxc3 19. Qc2 e5 20. Qxc3 e4 21. Bxe4 Re8 22. Bc2 Qe7 23. Kf2 b6 24. Re1 bxa5 25. Bd4 axb4 26. Rxe7 1-0


[Site "https://www.chess.com"]

[Event "Titled Tuesday Blitz August 08 Early 2023"]
[White "Hrescak, Ivana"]
[Black "slidingknight2775"]
[WhiteFideId "14613441"]
[WhiteElo "2215"]
[BlackElo "2461"]
[Result "0-1"]
[Round "4"]
[TimeControl "180+1"]
[Date "2023.08.08"]
[WhiteClock "0:00:00"]
[BlackClock "0:00:07"]
[Board "203"]

1. e4 c6 2. d4 d5 3. e5 Bf5 4. h4 h5 5. Bd3 Bxd3 6. Qxd3 e6 7. Nf3 Qa5+ 8. Nbd2 Qa6 9. c4 Bb4 10. O-O Nh6 11. b3 Nf5 12. a3 Be7 13. g3 O-O 14. Qc3 Nd7 15. c5 Rac8 16. b4 b6 17. Nb3 Qb7 18. Bg5 Rfe8 19. Rfe1 Bf8 20. Bf4 Rb8 21. Ng5 g6 22. Qf3 a5 23. bxa5 bxc5 24. Nxc5 Nxc5 25. dxc5 Qb3 26. Qxb3 Rxb3 27. Reb1 Reb8 28. Rxb3 Rxb3 29. a6 Bxc5 30. Nh3 Rb6 31. a7 Ra6 32. Rb1 Rxa7 33. Rb8+ Kg7 34. Bg5 Be7 35. Bxe7 Nxe7 36. Ng5 c5 37. Rc8 c4 38. Rc5 Ng8 39. a4 Nh6 40. a5 Nf5 0-1


[Site "https://www.chess.com"]

[Event "Titled Tuesday Blitz August 08 Early 2023"]
[White "Luxama, Jacques Muller"]
[Black "AdvanceGuard4"]
[WhiteFideId "11900113"]
[WhiteElo "2210"]
[BlackElo "2459"]
[Result "0-1"]
[Round "4"]
[TimeControl "180+1"]
[Date "2023.08.08"]
[WhiteClock "0:00:23"]
[BlackClock "0:00:13"]
[Board "204"]

1. e4 c5 2. Nf3 Nf6 3. Nc3 d5 4. exd5 Nxd5 5. Bb5+ Bd7 6. Qe2 Nxc3 7. dxc3 Nc6 8. O-O g6 9. Rd1 Qc7 10. Bg5 a6 11. Bf6 Rg8 12. Bc4 Bg7 13. Bh4 b5 14. Bd5 Rd8 15. Re1 e6 16. Bxd8 Nxd8 17. a4 Kf8 18. axb5 axb5 19. Ba8 Bf6 20. c4 b4 21. Rad1 Kg7 22. Be4 Nc6 23. Bxc6 Bxc6 24. Ne5 Be8 25. f4 h6 26. Qd3 Bc6 27. Nxc6 Qxc6 28. Qd7 Qa6 29. b3 Rd8 30. Qc7 Rxd1 31. Rxd1 Bd4+ 32. Kh1 Qa2 33. Qc6 Qxc2 34. Qf3 Bc3 35. h3 Qxb3 36. Rd7 Qxc4 37. Qb7 Qf1+ 38. Kh2 Qxf4+ 39. Kh1 Qf1+ 40. Kh2 Be5+ 41. g3 Qf2+ 42. Qg2 Bxg3+ 43. Kh1 Qxg2+ 44. Kxg2 Be5 45. Kf3 Bd4 46. Ke4 Kf6 47. h4 g5 48. hxg5+ hxg5 49. Rb7 Kg6 50. Rb6 f5+ 51. Kf3 Kf6 52. Ke2 Ke5 53. Kd3 g4 54. Kc4 g3 55. Rb8 g2 56. Rg8 g1=Q 57. Rxg1 Bxg1 0-1


[Site "https://www.chess.com"]